 Dungeon Crawl Stone Soup version 0.16-a0-3467-gfe061fe (webtiles) character file.

814 NewYearsCrawler the Cleaver (level 7, -10/57 HPs)
             Began as a Hill Orc Berserker on Jan 2, 2015.
             Was a Priest of Trog.
             Mangled by an orc warrior
             ... wielding a +0 trident
              (14 damage)
             ... on level 6 of the Dungeon.
             The game lasted 00:05:51 (1940 turns).

NewYearsCrawler the Cleaver (Hill Orc Berserker)    Turns: 1940, Time: 00:05:51

Health: -10/57     AC: 14    Str: 22    XL:     7   Next: 93%
Magic:  7/7        EV: 10    Int:  7    God:    Trog [***...]
Gold:   73         SH:  0    Dex: 10    Spells: 0 memorised, 6 levels left

rFire  . . .     SeeInvis .     a - +0 hand axe
rCold  . . .     Clarity  .     l - +0 pearl dragon armour
rNeg   + . .     SustAb   +     (no shield)
rPois  .         Gourm    .     (no helmet)
rElec  .         Spirit   .     (no cloak)
rCorr  .         Warding  .     q - +1 pair of gloves
rMut   .         Stasis   .     e - +0 pair of boots
MR     .....                    (no amulet)
Stlth  ..........               (no ring)
                                m - ring of sustain abilities

@: starving, not resistant to hostile enchantments, extremely unstealthy
A: no striking features
a: Burn Spellbooks, Berserk, Trog's Hand, Renounce Religion


You were on level 6 of the Dungeon.
You worshipped Trog.
Trog was most pleased with you.
You were starving.

You visited 1 branch of the dungeon, and saw 5 of its levels.

You collected 112 gold pieces.
You spent 39 gold pieces at shops.

Inventory:

Hand weapons
 a - a +0 hand axe (weapon)
Armour
 e - a +0 pair of boots (worn)
 l - a +0 pearl dragon armour (worn)
 q - a +1 pair of gloves (worn)
Jewellery
 g - an uncursed amulet of resist mutation
 m - a ring of sustain abilities (left hand)
Magical devices
 p - a wand of slowing (17)
Scrolls
 b - a scroll of identify
 d - 5 scrolls of random uselessness
 h - a scroll of magic mapping
 j - a scroll of immolation
 n - 2 scrolls of remove curse
Comestibles
 c - 2 meat rations
 f - a fruit
 k - a bread ration


   Skills:
 - Level 3.6 Fighting
 * Level 11.6 Axes
 - Level 2.1 Armour
 - Level 1.5 Dodging


You had 6 spell levels left.
You didn't know any spells.

Dungeon Overview and Level Annotations

Branches:
Dungeon (6/15)
 Temple: D:4-7

Altars:
Qazlal
Ru

Shops:
D:4 ?:


Message History

The orc warrior hits you with a trident.
You hit the orc warrior but do no damage.
The orc warrior is moderately wounded.
You hit the orc warrior but do no damage.
The orc warrior is moderately wounded.
The orc warrior hits you with a trident.
* * * LOW HITPOINT WARNING * * *
You closely miss the orc warrior.
The orc warrior is moderately wounded.
The orc warrior hits you with a trident!
* * * LOW HITPOINT WARNING * * *
You barely miss the orc warrior.
The orc warrior is moderately wounded.
You closely miss the orc warrior.
The orc warrior is moderately wounded.
The orc warrior hits you but does no damage.
You barely miss the orc warrior.
The orc warrior is moderately wounded.
The orc warrior hits you with a trident!
You die...

#.##.# #.#
##...#..##.#
#.##.#
#.####......###.#
#.##.#
#.<.........###.#
#.##.#
######.....#.##.#
#....#
##...###.#.#
#..###
##.#####..# ...#
#####.....###
#..# #.)......##
#..# #@####...#
...# #o# ##.##
##c# #.# #.# #o#
#.# #.# #.# ##.##
#.# ##.#
#######...####.#
...#
#.c....(.......#
##.#
#.#####..>######
#.# #.# ##.##


You could see an orc warrior.

Vanquished Creatures
  Eustachio (D:4)
  Duvessa (D:4)
  A centaur (D:6)
  A scorpion (D:4)
  A water moccasin skeleton (D:6)
  Dowan (D:4)
  A goliath beetle (D:6)
  A crimson imp (D:4)
  An orc priest (D:6)
  A gnoll shaman (D:5)
  2 iguanas
  3 orc wizards
  3 gnolls (D:5)
  A shadow imp (D:5)
  8 adders
  An adder skeleton (D:6)
  An adder zombie (D:6)
  A giant gecko (D:2)
  An ooze (D:1)
  4 orcs
  A ball python (D:4)
  A giant cockroach (D:1)
  3 hobgoblins
  2 jackals (D:5)
  10 bats
  A giant cockroach zombie (D:5)
  A giant newt (D:2)
  3 goblins
  7 kobolds
  A quokka (D:4)
  5 rats
70 creatures vanquished.

Vanquished Creatures (others)
  An orc (D:6)
1 creature vanquished.

Grand Total: 71 creatures vanquished

Notes
Turn   | Place    | Note
--------------------------------------------------------------
     0 | D:1      | NewYearsCrawler, the Hill Orc Berserker, began the quest for the Orb.
     0 | D:1      | Reached XP level 1. HP: 19/19 MP: 1/1
   143 | D:1      | Reached XP level 2. HP: 17/26 MP: 2/2
   346 | D:2      | Reached skill level 5 in Axes
   475 | D:2      | Acquired Trog's second power
   500 | D:2      | Reached XP level 3. HP: 31/31 MP: 3/3
   522 | D:2      | Found a stormy altar of Qazlal.
   536 | D:2      | You fall through a shaft for 2 floors!
   566 | D:4      | Found Trablel's Book Emporium.
   597 | D:4      | Reached skill level 6 in Axes
   599 | D:4      | Reached XP level 4. HP: 39/39 MP: 4/4
   673 | D:4      | Found Fidyzooz's Magic Scroll Shop.
   673 | D:4      | Noticed Dowan
   675 | D:4      | Noticed Duvessa
   687 | D:4      | Killed Duvessa
   687 | D:4      | Reached skill level 7 in Axes
   687 | D:4      | Reached XP level 5. HP: 45/45 MP: 5/5
   724 | D:4      | Killed Dowan
   724 | D:4      | Reached skill level 8 in Axes
   761 | D:4      | Bought a scroll of remove curse for 39 gold pieces
   791 | D:4      | Found Viwamear's Weapon Shoppe.
   842 | D:4      | Reached XP level 6. HP: 49/51 MP: 6/6
   929 | D:4      | Reached skill level 9 in Axes
   939 | D:4      | Noticed Eustachio
   941 | D:4      | Noticed a scorpion
  1005 | D:4      | Killed a scorpion
  1025 | D:4      | Killed Eustachio
  1025 | D:4      | Reached skill level 10 in Axes
  1025 | D:4      | Reached XP level 7. HP: 42/57 MP: 7/7
  1212 | D:5      | Entered Level 5 of the Dungeon
  1697 | D:6      | Reached skill level 11 in Axes
  1710 | D:6      | Found a sacrificial altar of Ru.
  1940 | D:6      | Mangled by an orc warrior

Action                   |  1- 3 |  4- 6 |  7- 9 || total
-------------------------+-------+-------+-------++-------
Melee: Hand axe          |    82 |    94 |   145 ||   321
Invok: Berserk           |     1 |     2 |     1 ||     4
  Use: Potion            |       |     2 |     3 ||     5
       Scroll            |       |       |     5 ||     5
 Stab: Invisible         |       |       |     2 ||     2
  Eat: Chunk             |       |     3 |     3 ||     6
